 Dungeon Crawl Stone Soup version 0.16-a0-3976-g683f154 (webtiles) character file.

13563 ketsa the Basher (level 11, -2/103 HPs)
             Began as a Deep Dwarf Berserker on Feb 10, 2015.
             Was an Elder of Trog.
             Slain by a freezing wraith (20 damage)
             ... on level 11 of the Dungeon on Feb 11, 2015.
             The game lasted 01:04:13 (14840 turns).

ketsa the Basher (Deep Dwarf Berserker)            Turns: 14840, Time: 01:04:13

Health: -2/103     AC: 12    Str: 21    XL:     11   Next: 77%
Magic:  21/21      EV: 13    Int:  8    God:    Trog [****..]
Gold:   558        SH:  7    Dex: 15    Spells: 0 memorised, 10 levels left

rFire  . . .     SeeInvis .     C - +3 flail (holy)
rCold  . . .     Clarity  .     q - +0 scale mail
rNeg   . . .     SustAb   .     h - +2 buckler
rPois  .         Gourm    .     z - +1 helmet
rElec  .         Spirit   .     (no cloak)
rCorr  .         Warding  .     A - +0 pair of gloves
rMut   .         Stasis   .     (no boots)
MR     +....                    (no amulet)
Stlth  ..........               (no ring)
                                (no ring)

@: non-regenerating, somewhat resistant to hostile enchantments, extremely
unstealthy
A: damage resistance, recharge devices, sense surroundings 2, slow healing 3
a: Device Recharging, Burn Spellbooks, Berserk, Trog's Hand, Brothers in Arms,
Renounce Religion


You were on level 11 of the Dungeon.
You worshipped Trog.
Trog was greatly pleased with you.
You were not hungry.

You visited 3 branches of the dungeon, and saw 14 of its levels.

You collected 558 gold pieces.

Inventory:

Hand weapons
 a - the +7 dagger of Truov {venom, +Blink Str+3 Int+4 Dex-3}
   (You found it on level 9 of the Dungeon)

   It poisons the flesh of those it strikes.
   It affects your strength (+3).
   It affects your intelligence (+4).
   It affects your dexterity (-3).
   It lets you blink.
 b - a +4 antimagic great mace
 e - a +0 morningstar
 w - a +0 vampiric trident
 C - a +3 flail of holy wrath (weapon)
 N - a +1 mace of draining
Missiles
 l - 2 tomahawks
 u - 12 sling bullets of frost
 H - 7 curare-tipped needles
 I - 17 poisoned needles
 O - 6 tomahawks of returning
 T - 9 poisoned tomahawks (quivered)
Armour
 g - a +0 chain mail
 h - a +2 buckler (worn)
 n - a +0 plate armour
 q - a +0 scale mail (worn)
 z - a +1 helmet (worn)
 A - a +0 pair of gloves (worn)
 E - the +2 shield of Resistance {rF+ rC+ MR+}
   (You found it on level 10 of the Dungeon)

   It protects you from fire.
   It protects you from cold.
   It affects your resistance to hostile enchantments.
Jewellery
 i - an uncursed ring of ice
Magical devices
 c - a wand of heal wounds (5)
 s - a wand of fire (7)
 D - a wand of fireball (4)
 F - a wand of enslavement (10)
 P - a wand of magic darts (23)
 Q - a wand of fireball (3)
 U - a wand of draining (5)
 V - a wand of disintegration (5)
 W - a wand of flame (36)
Scrolls
 f - 2 scrolls of magic mapping
 j - a scroll of torment {unknown}
 m - 2 scrolls of blinking
 o - 6 scrolls of remove curse
 r - 3 scrolls of identify
 v - a scroll of random uselessness {unknown}
 R - 3 scrolls of teleportation {unknown}
 X - a scroll of fog
 Y - 2 scrolls of enchant weapon
Potions
 k - a potion of ambrosia {unknown}
 t - a potion of heal wounds
 x - 2 potions of cancellation
 B - a potion of agility {unknown}
 G - 3 potions of curing
 J - a potion of might {unknown}
 L - 3 potions of restore abilities
 M - a potion of haste
 S - a potion of invisibility {unknown}
Miscellaneous
 y - a stone of tremors
Comestibles
 d - 2 bread rations
 p - 5 meat rations
 Z - 3 slices of pizza


   Skills:
 + Level 8.0 Fighting
 * Level 12.0 Maces & Flails
 - Level 2.0 Throwing
 + Level 9.7 Armour
 - Level 5.2 Dodging
 - Level 5.8 Shields
 - Level 7.7 Evocations


You had 10 spell levels left.
You didn't know any spells.

Dungeon Overview and Level Annotations

Branches:
Dungeon (11/15)            Temple (1/1) D:7            Lair (2/8) D:11
    Orc (0/4) D:11

Altars:
Ashenzari
Cheibriados
Dithmenos
Elyvilon
Fedhas
Gozag
Kikubaaqudgha
Makhleb
Nemelex Xobeh
Okawaru
Qazlal
Ru
Sif Muna
Trog
Vehumet
Xom
Yredelemnul
Zin
The Shining One

Shops:
D:6 }

Portals:
Trove: D:10 (give +3 fire dragon armour)


Innate Abilities, Weirdness & Mutations

You are resistant to damage.
You can recharge devices by infusing magical energy.
You passively map the area around you.
You do not heal naturally.


Message History

You start waiting.
You hear a distant blaring wail to the southeast.
You are no longer poisoned.
There is an open door, spattered with blood here.
You feel yourself speed up.
o - 6 scrolls of remove curse (gained 1)
You feel less exhausted.
Found a stone staircase leading down.
v - a scroll labeled MNUVEUFOCW The freezing wraith closely misses you.
You block the freezing wraith's attack.
You barely miss the freezing wraith. The freezing wraith hits you.
The freezing wraith freezes you!!
* * * LOW HITPOINT WARNING * * *
The freezing wraith closely misses you.
You hit the freezing wraith.
The freezing wraith convulses.
The freezing wraith is lightly damaged.
The freezing wraith hits you!
* * * LOW HITPOINT WARNING * * *
The freezing wraith freezes you!!
You die...

#.# #...............##..........
##.###...............##>.........
.#...................##..........
....###..............##..........
....# #..............##..........
....# #..............##..........
....# #..........................
.P..# #................<.........
P...# #.........@W...............
PP..# #.......####...###.........
P...# #.......# ..# #..<......
....# #.......# , Y# #.$.o.....
....# #..>....# * # #.........
....# #.......# #......... ##..#
*?......# , #.oo....). #*..#
####..# #.o.W..... # ..# ,* #..#
*,,, #........


You could see a freezing wraith and a sky beast (wandering).

Vanquished Creatures
  Pikel (D:4)
  4 spiny frogs
  A komodo dragon (Lair:2)
  2 gargoyles (D:10)
  A fire drake (Lair:1)
  2 two-headed ogres
  2 trolls
  The ghost of BLOAX the Insei, an average KoCK of Cheibriados (D:4)
  A basilisk (Lair:1)
  4 blink frogs
  22 yaks
  Eustachio (D:6)
  A deep elf fighter (D:11)
  4 hippogriffs
  4 water moccasins
  An eye of draining (D:9)
  2 ice beasts
  2 porcupines
  An orc warrior (D:5)
  3 slaves (D:4)
  2 sky beasts
  A necrophage (D:10)
  5 centaurs
  4 ogres
  3 crocodiles
  2 giant frogs
  Blork the orc (D:6)
  A water moccasin skeleton (D:9)
  17 killer bees
  2 scorpions
  4 wights (D:10)
  The ghost of BLOAX the Insei, a weakling HuMo (D:3)
  6 crimson imps
  5 orc priests
  A centaur zombie (D:6)
  A goliath beetle (D:9)
  A giant frog zombie (D:8)
  2 jellies
  6 hounds
  7 iguanas
  A giant frog skeleton (D:7)
  A centaur skeleton (D:10)
  9 orc wizards
  7 worker ants
  2 hound zombies
  A mummy (D:10)
  3 worker ant zombies
  4 gnolls (D:4)
  14 adders
  6 river rats
  2 giant mites
  2 shadow imps
  2 worms
  3 adder skeletons
  2 oozes (D:1)
  7 giant geckos
  22 orcs
  A bat skeleton (D:4)
  A bat zombie (D:5)
  4 giant cockroaches
  10 goblins
  15 hobgoblins
  5 jackals
  4 ball pythons
  19 bats
  7 giant newts
  22 kobolds
  9 quokkas
  A quokka skeleton (D:8)
  21 rats
  A plant (Lair:2)
340 creatures vanquished.

Vanquished Creatures (others)
  A giant cockroach (D:4)
1 creature vanquished.

Grand Total: 341 creatures vanquished

Notes
Turn   | Place    | Note
--------------------------------------------------------------
     0 | D:1      | ketsa, the Deep Dwarf Berserker, began the quest for the Orb.
     0 | D:1      | Reached XP level 1. HP: 20/20 MP: 1/1
   204 | D:1      | Reached XP level 2. HP: 20/27 MP: 2/2
   827 | D:1      | Acquired Trog's second power
  1206 | D:1      | Reached XP level 3. HP: 9/33 MP: 3/3
  1659 | D:2      | Reached skill level 4 in Maces & Flails
  2014 | D:2      | Reached XP level 4. HP: 39/42 MP: 4/4
  2212 | D:2      | Found a glowing golden altar of the Shining One.
  2646 | D:3      | Found an iron altar of Okawaru.
  3133 | D:3      | Reached skill level 1 in Throwing
  3185 | D:3      | Reached XP level 5. HP: 38/49 MP: 5/5
  3262 | D:3      | Noticed BLOAX's ghost (weakling HuMo)
  3288 | D:3      | Killed BLOAX's ghost
  3288 | D:3      | Reached skill level 5 in Maces & Flails
  3495 | D:3      | Found a white marble altar of Elyvilon.
  3768 | D:4      | Noticed BLOAX's ghost (average KoCK)
  3785 | D:4      | Killed BLOAX's ghost
  3785 | D:4      | Reached XP level 6. HP: 23/57 MP: 6/6
  4248 | D:4      | Found a radiant altar of Vehumet.
  4282 | D:4      | Noticed a slave
  4282 | D:4      | Noticed a slave
  4283 | D:4      | Noticed a slave
  4308 | D:4      | Killed a slave
  4314 | D:4      | Killed a slave
  4318 | D:4      | Killed a slave
  4345 | D:4      | Noticed Pikel
  4398 | D:4      | Killed Pikel
  4398 | D:4      | Reached skill level 6 in Maces & Flails
  4398 | D:4      | Reached XP level 7. HP: 51/66 MP: 6/10
  4399 | D:4      | Noticed a freed slave
  4795 | D:5      | Entered Level 5 of the Dungeon
  4800 | D:5      | Reached XP level 8. HP: 37/73 MP: 12/12
  5081 | D:5      | Acquired Trog's third power
  5235 | D:5      | Reached skill level 7 in Maces & Flails
  5237 | D:5      | Found a blossoming altar of Fedhas.
  5319 | D:5      | Reached skill level 5 in Armour
  5810 | D:6      | Noticed Blork the orc
  5823 | D:6      | Killed Blork the orc
  5840 | D:6      | Reached skill level 5 in Fighting
  6063 | D:7      | HP: 2/74 [poisoned by a killer bee]
  6102 | D:7      | Reached skill level 8 in Maces & Flails
  6142 | D:7      | Gained mutation: You passively map the area around you. [level up]
  6142 | D:7      | Reached XP level 9. HP: 74/81 MP: 16/16
  6158 | D:7      | Reached skill level 5 in Evocations
  6434 | D:6      | Found a glowing golden altar of the Shining One.
  6434 | D:6      | Found a deep blue altar of Sif Muna.
  6574 | D:6      | Noticed Eustachio
  6604 | D:6      | Killed Eustachio
  6622 | D:6      | Found Ingaq Wuu's Gadget Emporium.
  6674 | D:6      | Found a sacrificial altar of Ru.
  6919 | D:6      | Found a sparkling altar of Nemelex Xobeh.
  7168 | D:4      | Found a stormy altar of Qazlal.
  7187 | D:4      | Received a gift from Trog
  7675 | D:7      | Found a staircase to the Ecumenical Temple.
  7681 | Temple   | Entered the Ecumenical Temple
  8039 | D:8      | Found a burning altar of Makhleb.
  8582 | D:8      | Reached skill level 5 in Shields
  8869 | D:9      | Reached skill level 9 in Maces & Flails
  9038 | D:9      | Reached XP level 10. HP: 56/91 MP: 18/20
  9239 | D:9      | Found a glowing silver altar of Zin.
  9570 | D:9      | Got an encrusted dagger
  9573 | D:9      | Identified the +7 dagger of Truov {venom, +Blink Str+3 Int+4 Dex-3} (You found it on level 9 of the Dungeon)
  9761 | D:9      | Found a snail-covered altar of Cheibriados.
 10340 | D:10     | Entered Level 10 of the Dungeon
 10459 | D:10     | Reached skill level 10 in Maces & Flails
 11254 | D:10     | Found a portal to a secret trove of treasure.
 11488 | D:10     | Upgraded the game from 0.16-a0-3963-gf3423b3 to 0.16-a0-3976-g683f154
 11585 | D:11     | Found a staircase to the Orcish Mines.
 11649 | D:11     | Found a staircase to the Lair.
 11729 | Lair:1   | Entered Level 1 of the Lair of Beasts
 11740 | D:11     | Received a gift from Trog
 11740 | D:11     | Reached XP level 11. HP: 75/99 MP: 22/22
 12096 | Lair:1   | Reached skill level 5 in Dodging
 12385 | Lair:1   | Reached skill level 11 in Maces & Flails
 12791 | Lair:1   | Received a gift from Trog
 14626 | Lair:1   | Reached skill level 12 in Maces & Flails
 14840 | D:11     | Slain by a freezing wraith

Action                   |  1- 3 |  4- 6 |  7- 9 | 10-12 || total
-------------------------+-------+-------+-------+-------++-------
Melee: Mace              |   132 |   162 |   190 |       ||   484
       Flail             |       |    56 |   271 |   469 ||   796
       Morningstar       |       |       |       |    41 ||    41
       Whip              |       |       |       |    39 ||    39
Throw: Stone             |    12 |    44 |    26 |     3 ||    85
       Tomahawk          |       |       |     8 |    64 ||    72
Invok: Berserk           |       |     8 |    14 |    18 ||    40
       Trog's Hand       |       |       |     6 |    14 ||    20
       Burn Spellbooks   |       |       |     1 |       ||     1
 Abil: Device Recharging |       |       |       |     1 ||     1
Evoke: Wand              |     2 |     1 |     1 |     1 ||     5
  Use: Potion            |       |     1 |     1 |     2 ||     4
       Scroll            |       |       |    12 |     7 ||    19
  Eat: Chunk             |     3 |    11 |    14 |    25 ||    53
       Pizza             |       |     1 |     3 |     1 ||     5
       Fruit             |       |     3 |     1 |    11 ||    15
       Meat ration       |       |       |     1 |       ||     1
       Bread ration      |       |       |     1 |     1 ||     2
       Beef jerky        |       |       |     1 |     1 ||     2
       Royal jelly       |       |       |       |     1 ||     1
